 Dungeon Crawl Stone Soup version 0.18-a0-736-g449f048 (webtiles) character file.

200 zercules the Sneak (level 6, 0/35 HPs)
             Began as a Kobold Assassin on Dec 10, 2015.
             Slain by a centaur (5 damage)
             ... on level 5 of the Dungeon.
             The game lasted 00:07:21 (749 turns).

zercules the Sneak (Kobold Assassin)                 Turns: 749, Time: 00:07:23

Health: 0/35       AC:  3    Str:  9    XL:     6   Next: 7%
Magic:  9/9        EV: 14    Int: 11    God:
Gold:   59         SH:  0    Dex: 18    Spells: 0 memorised, 5 levels left

rFire  . . .     SeeInvis .     a - +2 dagger
rCold  . . .     Clarity  .     c - +0 robe
rNeg   . . .     SustAt   .     (shield restricted)
rPois  .         Gourm    .     (no helmet)
rElec  .         Spirit   .     d - +0 cloak
rCorr  .         Dismiss  .     (no gloves)
rMut   .         Stasis   .     (no boots)
MR     .....                    (no amulet)
Stlth  ++++......               (no ring)
                                (no ring)

@: lethally poisoned (0 -> -10), not resistant to hostile enchantments, stealthy
A: carnivore 3
a: no special abilities


You were on level 5 of the Dungeon.
You were not hungry.

You visited 1 branch of the dungeon, and saw 6 of its levels.

You collected 59 gold pieces.

Inventory:

Hand Weapons
 a - a +2 dagger (weapon)
 b - a +0 blowgun
Missiles
 e - 7 poisoned needles
 f - 2 curare-tipped needles
 p - 16 stones (quivered)
Armour
 c - a +0 robe (worn)
 d - a +0 cloak (worn)
Wands
 n - a wand of fire (5)
Scrolls
 i - a scroll of fear {unknown}
 j - 2 scrolls of enchant armour {unknown}
 l - a scroll of amnesia {unknown}
 r - a scroll of enchant weapon {unknown}
Potions
 h - a potion of berserk rage {unknown}
 k - a potion of poison
 m - a potion of curing {unknown}
 q - a potion of heal wounds {unknown}
 s - a potion of might {unknown}
Books
 o - a book of the Sky

   Spells                             Type                      Level
   a - Summon Lightning Spire         Summoning/Air                4
   b - Airstrike                      Air                          4
   c - Silence                        Hexes/Air                    5
   d - Deflect Missiles               Charms/Air                   6
   e - Conjure Ball Lightning         Conjuration/Air              6
   f - Tornado                        Air                          9
Comestibles
 g - 2 meat rations


   Skills:
 - Level 2.1 Fighting
 - Level 2.6 Short Blades
 - Level 2.1 Throwing
 - Level 1.2 Dodging
 + Level 7.9 Stealth
 + Level 4.2 Evocations


You had 5 spell levels left.
You didn't know any spells.

Dungeon Overview and Level Annotations

Branches:
Dungeon (6/15)
 Temple: D:4-7

Altars:
Qazlal

Annotations:
D:6 Pikel


Innate Abilities, Weirdness & Mutations

You are small and have problems with some larger weapons.
You are carnivorous and can eat meat at any time.


Message History

The centaur is heavily wounded.
The centaur hits you. x2
* * * LOW HITPOINT WARNING * * *
You hit the centaur.
The centaur is heavily wounded.
The orc closely misses you. The centaur hits you.
* * * LOW HITPOINT WARNING * * *
You hit the centaur.
The centaur is severely wounded.
The centaur hits you.
* * * LOW HITPOINT WARNING * * *
The orc closely misses you.
Drink which item? (? for menu, Esc to quit)
It was a potion of poison.
That liquid tasted very nasty...
You are lethally poisoned!
* * * LOW HITPOINT WARNING * * *
You feel sick. The centaur misses you. The orc barely misses you.
The centaur hits you.
You die...

................#
#................#
#..##...###'###..#
#..#######..# ..#
#......†....# ...
#...........# .
#...........+
#...........#
#.@####'###+# ##+#
#co###..###.###..##
#hsZ...............
#.Y................
#........##..##..##
#.>......######[.#
#...##...# #....#
##'###...# #....#
#........# #....#


You could see an ice beast, a centaur, a hound, an orc, a giant cockroach and a
hound skeleton.

Vanquished Creatures
  A sky beast (D:5)
  A black bear (D:5)
  An adder (D:4)
  An adder zombie (D:5)
  An orc (D:3)
  2 giant gecko skeletons
  A giant newt (D:2)
  A kobold (D:2)
  A rat (D:1)
10 creatures vanquished.

Notes
Turn   | Place    | Note
--------------------------------------------------------------
     0 | D:1      | zercules the Kobold Assassin began the quest for the Orb.
     0 | D:1      | Reached XP level 1. HP: 12/12 MP: 1/1
    81 | D:2      | Found a stormy altar of Qazlal.
   506 | D:4      | Reached skill level 6 in Stealth
   506 | D:4      | Reached skill level 1 in Evocations
   506 | D:4      | Reached XP level 2. HP: 17/17 MP: 2/2
   548 | D:4      | You fall through a shaft!
   548 | D:5      | Entered Level 5 of the Dungeon
   558 | D:5      | Noticed a sky beast
   563 | D:5      | Killed a sky beast
   563 | D:5      | Reached skill level 7 in Stealth
   563 | D:5      | Reached XP level 3. HP: 21/21 MP: 2/5
   563 | D:5      | Reached XP level 4. HP: 26/26 MP: 2/6
   563 | D:5      | Reached XP level 5. HP: 30/30 MP: 2/7
   584 | D:6      | Noticed Pikel
   584 | D:6      | Noticed a slave
   634 | D:5      | Noticed a black bear
   647 | D:5      | Killed a black bear
   647 | D:5      | Reached XP level 6. HP: 35/35 MP: 7/9
   725 | D:5      | Noticed an ice beast
   749 | D:5      | Slain by a centaur

Vault maps used:
D:1:      lemuel_arrival_lava_pool
D:2:      nicolae_qazlal_general_emergency, first_bread
D:3:      yredelemnul_forgotten_temple_becter, lemuel_round_altar, uniq_robin,
          uniq_crazy_yiuf_cottage
D:4:      portal_sewer_entry_d
D:5:      minmay_temple_entry_large_hall, fountainhead, uniq_sigmund
D:6:      lemuel_round_altar, fiery_altar_vehumet, uniq_pikel

Action                   |  1- 3 |  4- 6 || total
-------------------------+-------+-------++-------
Melee: Dagger            |     9 |    11 ||    20
 Fire: Blowgun           |     8 |     1 ||     9
  Use: Potion            |       |     1 ||     1
 Stab: Sleeping          |     2 |     3 ||     5
